 Dungeon Crawl Stone Soup version 0.29-a0-1009-g60c99734e7 (webtiles) character file.

Game seed: 9889926981716023223

6280 ragingrage the Cleaver (level 10, -11/56 HPs)
             Began as a Vine Stalker Chaos Knight on Aug 8, 2022.
             Was a Plaything of Xom.
             Mangled by Urug
             ... wielding a +4 eveningstar
              (24 damage)
             ... on level 10 of the Dungeon.
             The game lasted 00:14:44 (7670 turns).

ragingrage the Cleaver (Vine Stalker Chaos Knight)  Turns: 7670, Time: 00:14:45

Health: -11/56     AC: 18    Str: 17 (19) XL:     10   Next: 94%
Magic:  0/11       EV: 10    Int: 17 (18) God:    Xom [..*...]
Gold:   418        SH: 10    Dex: 11 (14) Spells: 9/9 levels left

rFire   . . .      SeeInvis .   a - +2 flail of Bile {venom, +Blink Int+6}
rCold   . . .      Faith    .   m - +0 kite shield
rNeg    . . .      Spirit   +   O - +4 chain mail of the Spheres {Dex+2}
rPois   .          Reflect  .   s - +0 helmet
rElec   .          Harm     .   (no cloak)
rCorr   .          Rampage  .   (no gloves)
Will    +....                   x - +0 pair of boots
Stlth   ..........              v - amulet of regeneration
HPRegen 1.78/turn               g - +4 ring of protection
MPRegen 0.12/turn               E - +4 ring of evasion

@: unable to read
A: fangs 3, regeneration 1, magic shield, antimagic bite, no potion heal 2,
large bone plates 1, clumsy 1, deterioration 1, robust 1, inability to read
while threatened 1, sturdy frame 1
a: Renounce Religion, Evoke Blink


You were on level 10 of the Dungeon.
You worshipped Xom.
You were a toy of Xom.
You visited 1 branch of the dungeon, and saw 10 of its levels.
You also visited: Bailey.

You collected 460 gold pieces.
You spent 42 gold pieces at shops.

Inventory:

Hand Weapons
 a - the +2 flail of Bile (weapon) {venom, +Blink Int+6}
   (You took it off a gnoll on level 6 of the Dungeon)

   It poisons the flesh of those it strikes.
   Int:       It affects your intelligence (+6).
   +Blink:    It lets you blink.
 b - a +4 vorpal sling
 c - the +5 trident "Ocaarebb" {elec, rC- rCorr Int+5 Dex+3}
   (You found it in a bailey)

   It occasionally discharges a powerful burst of electricity upon striking a
   foe.
   Int:       It affects your intelligence (+5).
   Dex:       It affects your dexterity (+3).
   rC:        It makes you vulnerable to cold.
   rCorr:     It protects you from acid and corrosion.
 r - a +4 war axe
 u - a +6 battleaxe
Missiles
 h - 5 javelins (quivered)
 y - 23 poisoned darts
 H - 11 atropa-tipped darts
Armour
 m - a +0 kite shield (worn)
 s - a +0 helmet (worn)
 x - a +0 pair of boots (worn)
 O - the +4 chain mail of the Spheres (worn) {Dex+2}
   (You found it in a bailey)

   Dex:       It affects your dexterity (+2).
Jewellery
 g - a +4 ring of protection (left hand)
 v - an amulet of regeneration (around neck)
 E - a +4 ring of evasion (right hand)
 L - a ring of see invisible
Wands
 j - a wand of paralysis (10)
 k - a wand of roots (10)
 l - a wand of acid (5)
 G - a wand of digging (4)
Scrolls
 e - 4 scrolls of enchant armour
 n - a scroll of silence
 o - a scroll of summoning {unknown}
 q - 5 scrolls of teleportation
 t - 3 scrolls of fear
 w - a scroll of poison {unknown}
 A - 2 scrolls of amnesia
 B - 4 scrolls of fog
 I - a scroll of magic mapping {unknown}
 M - 2 scrolls of enchant weapon {unknown}
 N - 2 scrolls of blinking {unknown}
 P - 4 scrolls of noise {unknown}
 Q - 2 scrolls of identify
Potions
 d - a potion of experience
 f - 6 potions of curing
 i - 2 potions of mutation
 p - 4 potions of magic
 z - 3 potions of heal wounds
 C - a potion of haste
 D - a potion of attraction {unknown}
 F - a potion of lignification
 K - a potion of flight {unknown}
Miscellaneous
 J - a piece from Xom's chessboard (15/15)
 R - a lightning rod (4/4)


   Skills:
 + Level 4.4 Fighting
 * Level 14.5 Axes
 - Level 1.5 Armour
 - Level 0.7 Dodging


You had 9 spell levels left.
You didn't know any spells.
Your spell library contained the following spells:

 Spells                   Type           Power      Damage    Failure   Level
 Foxfire                  Conj/Fire      0%         2x1d4     100%        1
 Freeze                   Ice            0%         1d3       100%        1
 Shock                    Conj/Air       0%         1d3       100%        1
 Poisonous Vapours        Pois/Air       0%         N/A       100%        2
 Conjure Flame            Conj/Fire      0%         6-21      100%        3
 Dazzling Flash           Conj/Hex       0%         N/A       100%        3
 Frozen Ramparts          Ice            0%         1d1       100%        3
 Ignite Poison            Fire/Tmut/Pois 0%         N/A       100%        3
 Inner Flame              Hex/Fire       0%         N/A       100%        3
 Mephitic Cloud           Conj/Pois/Air  0%         N/A       100%        3
 Swiftness                Air            0%         N/A       100%        3
 Airstrike                Air            0%         2d(0-16)  100%        4
 Corpse Rot               Necr/Pois/Air  0%         N/A       100%        4
 Flame Wave               Conj/Fire      0%         2d4       100%        4
 Fulminant Prism          Conj/Hex       0%         3d6       100%        4
 Hailstorm                Conj/Ice       0%         3d3       100%        4
 Iskenderun's Mystic Bla  Conj/Tloc      0%         2d3       100%        4
 Olgreb's Toxic Radiance  Pois           0%         N/A       100%        4
 Passage of Golubria      Tloc           0%         N/A       100%        4
 Lee's Rapid Deconstruct  Erth           0%         3d5*      100%        5
 Silence                  Hex/Air        0%         N/A       100%        5
 Starburst                Conj/Fire      0%         6d3       100%        6
 Ozocubu's Refrigeration  Ice            0%         4d7       100%        7
 Ignition                 Fire           0%         3d3       100%        8
 Lehudib's Crystal Spear  Conj/Erth      0%         10d2      100%        8


Dungeon Overview and Level Annotations

Branches:
Dungeon (10/15)            Temple (0/1) D:4          Bailey (visited)
   Lair: D:8-11         Orc: D:9-12

Altars:
Ru
Wu Jian
Yredelemnul
The Shining One

Shops:
D:3 ?

Annotations:
D:2 !GUARDIAN SERPANT
D:3 exclusion: downstairs
D:4 2 transporters, porpoise's ghost, novice FoGl
D:9 exclusion: downstairs
D:10 Urug


Innate Abilities, Weirdness & Mutations

You have razor-sharp teeth.
Your natural rate of healing is unusually fast.
When hurt, damage is shared between your health and your magic reserves.
Your bite disrupts and absorbs the magic of your enemies.
Potions cannot restore your health.
You are partially covered in large bone plates. (SH +4)
You are clumsy. (Dex -2)
Your body sometimes deteriorates upon taking damage.
You are robust. (+10% HP)
You occasionally lose the ability to read scrolls when taking damage.
Your movements are slightly less encumbered by armour. (ER -2)


Message History

Your body deteriorates!
You feel clumsy.
You sock the yak!
The yak looks as sick as possible!
You bite the yak! You drain its power.
You feel invigorated.
The yak is almost dead.
Xom's power flows through you!
You attempt to intoxicate your foes!
The yak barely misses you.
You hit the yak.
You kill the yak!
No target in view!
HP restored.
There is a stone staircase leading down, spattered with blood here.
You see here a +0 short sword.
Things that are here:
a +0 whip; a +0 whip
There is a stone staircase leading down here.
You climb downwards.
Level annotation: Urug
Found a stone staircase leading down.
There is a stone staircase leading up here.
Unknown command.
Urug is nearby!
Unknown command.
You start waiting.
Urug is nearby!
Urug hits you with a +4 eveningstar!
Your body deteriorates!
You feel clumsy.
You hit Urug but do no damage. You block Urug's attack.
You barely miss Urug. Your bite misses Urug.
Urug hits you with a +4 eveningstar!
You barely miss Urug. Your bite misses Urug.
Urug hits you with a +4 eveningstar!
Your body deteriorates!
You feel weakened.
You hit Urug but do no damage. Your bite misses Urug.
Urug hits you with a +4 eveningstar!!
You feel threatened and lose the ability to read scrolls!
* * * LOW HITPOINT WARNING * * *
Your body deteriorates!
You feel clumsy. Urug hits you with a +4 eveningstar!!
You die...
Xom is highly amused!

..Y............>...##
.Y..................##
o.#..................##
.##...................#
.#
#............#.....##
.. ..........#.......<#
..Y ........##..#..##
... ......#.##...###
... ........o@..##
....##..##### . #....
#...### ....# ...##
.... ...


You could see Urug.

Vanquished Creatures
  An orc warlord (Bailey)
  A cyclops (D:7)
  Joseph (D:7)
  A hornet (D:9)
  A vampire (D:9)
  2 yaks (D:9)
  2 water moccasins
  5 orc warriors
  3 sky beasts
  A black bear (D:5)
  3 ice beasts
  2 ogres
  A centaur (D:5)
  A phantom (D:6)
  2 kobold brigands
  A bullfrog (D:7)
  A gnoll sergeant (D:6)
  A necrophage (D:6)
  A scorpion (D:5)
  13 wights
  5 killer bees (D:9)
  2 howler monkeys (D:9)
  A hound (D:4)
  6 jellies
  A gnoll bouda (D:8)
  5 orc priests
  8 orc wizards
  10 gnolls
  6 adders
  A shadow imp (D:5)
  A white imp (D:6)
  3 worms
  22 orcs
  3 ball pythons
  10 endoplasms
  3 giant cockroaches
  12 hobgoblins
  11 jackals
  A quokka (D:1)
  3 bats
  2 frilled lizards (D:1)
  12 goblins
  29 kobolds
  4 rats (D:1)
205 creatures vanquished.

Vanquished Creatures (collateral kills)
  A water moccasin (D:4)
  A howler monkey (D:9)
  A jelly (D:4)
  An orc priest (D:4)
  Robin (D:4)
  An adder (D:4)
  3 gnolls (D:4)
  An orc (D:4)
  An endoplasm (D:4)
  A giant cockroach (D:4)
  3 hobgoblins (D:4)
  A ball python (D:4)
  4 goblins (D:4)
20 creatures vanquished.

Vanquished Creatures (others)
  9 foxfires (D:1)
9 creatures vanquished.

Grand Total: 234 creatures vanquished

Notes
Turn   | Place    | Note
-------+----------+-------------------------------------------
     0 | D:1      | ragingrage the Vine Stalker Chaos Knight began the quest
                  | for the Orb.
     0 | D:1      | Reached XP level 1. HP: 11/11 MP: 2/2
    78 | D:1      | Reached skill level 3 in Axes
    95 | D:1      | Reached XP level 2. HP: 15/16 MP: 3/3
   106 | D:1      | Learned a level 1 spell: Foxfire
   302 | D:1      | XOM: divination: detect creatures
   801 | D:1      | Found a faded altar of an unknown god.
  1014 | D:2      | Found a basalt altar of Yredelemnul.
  1026 | D:2      | Reached XP level 3. HP: 19/19 MP: 4/4
  1182 | D:2      | Reached skill level 4 in Axes
  1264 | D:2      | XOM: 2-stop teleportation journey
  1487 | D:2      | Noticed a shapeshifter
  1487 | D:2      | an endoplasm changed into a shapeshifter
  1487 | D:2      | Noticed a black bear
  1487 | D:2      | a shapeshifter changed into a black bear
  1490 | D:2      | Noticed a guardian serpent
  1490 | D:2      | a black bear changed into a guardian serpent
  1492 | D:2      | XOM: confuse monster(s)
  1772 | D:3      | XOM: draining
  1784 | D:3      | Gained mutation: Your natural rate of healing is unusually
                  | fast. [Vine Stalker growth]
  1784 | D:3      | Reached XP level 4. HP: 14/20 MP: 2/5
  1828 | D:3      | Found Tiegel's Magic Scroll Shoppe.
  2261 | D:3      | Reached skill level 5 in Axes
  2271 | D:3      | Bought a scroll of teleportation for 42 gold pieces
  2443 | D:3      | Reached XP level 5. HP: 24/27 MP: 4/6
  2565 | D:4      | Found a staircase to the Ecumenical Temple.
  2570 | D:4      | Noticed Robin
  2581 | D:4      | XOM: summons friendly crimson imp
  2606 | D:4      | Noticed a water moccasin
  2668 | D:4      | XOM: scenery: summon butterflies
  2673 | D:4      | XOM: enchant monster (good)
  2690 | D:4      | XOM: god gift: 47 gold pieces
  2698 | D:4      | Killed Robin
  2702 | D:4      | XOM: scenery: summon butterflies
  2705 | D:4      | Reached XP level 6. HP: 32/32 MP: 7/7
  2715 | D:4      | Reached skill level 6 in Axes
  2801 | D:4      | Killed a water moccasin
  2821 | D:4      | Got the Book of the Black Widow
  2833 | D:4      | Reached skill level 7 in Axes
  2833 | D:4      | Reached XP level 7. HP: 35/35 MP: 8/8
  3036 | D:4      | Found a transporter.
  3036 | D:4      | Noticed porpoise's ghost (novice FoGl)
  3037 | D:4      | Found a transporter.
  3119 | D:5      | Entered Level 5 of the Dungeon
  3219 | D:5      | Reached skill level 8 in Axes
  3309 | D:5      | Gained mutation: You have razor-sharp teeth. [Vine Stalker
                  | growth]
  3309 | D:5      | Reached XP level 8. HP: 22/39 MP: 5/9
  3462 | D:5      | Reached skill level 9 in Axes
  3642 | D:5      | Identified the +3 leather armour of the Usurping Gods
                  | {Str+3}
  3874 | D:5      | XOM: give mutation
  3874 | D:5      | Gained mutation: You occasionally shout uncontrollably at
                  | your foes. [Xom's mischief]
  3876 | D:6      | XOM: summons friendly ufetubus
  3912 | D:6      | XOM: 3-stop teleportation journey
  4003 | D:6      | XOM: potion effect (brilliance)
  4004 | D:6      | Identified the +2 flail of Bile {venom, +Blink Int+6}
  4010 | D:6      | Reached skill level 10 in Axes
  4120 | D:6      | Reached XP level 9. HP: 43/43 MP: 10/10
  4219 | D:6      | XOM: silly message
  4273 | D:6      | XOM: 1-stop teleportation journey
  4289 | D:6      | XOM: silly message
  4373 | D:6      | XOM: potion effect (invisibility)
  4376 | D:6      | Reached skill level 11 in Axes
  4657 | D:6      | XOM: divination: detect items
  5076 | D:7      | Noticed a cyclops
  5086 | D:7      | XOM: cast spell 'Olgreb's Toxic Radiance'
  5088 | D:7      | XOM: enchant monster (good)
  5091 | D:7      | XOM: divination: magic mapping
  5095 | D:7      | Killed a cyclops
  5127 | D:7      | Reached skill level 12 in Axes
  5246 | D:7      | Noticed Joseph
  5258 | D:7      | Killed Joseph
  5299 | D:7      | Found a flagged portal.
  5305 | Bailey   | Entered a bailey
  5318 | Bailey   | XOM: noise
  5331 | Bailey   | XOM: confuse monster(s)
  5332 | Bailey   | Noticed an orc warlord
  5364 | Bailey   | Reached XP level 10. HP: 41/47 MP: 8/11
  5398 | Bailey   | Found a runed translucent gate.
  5400 | Bailey   | Found a runed translucent gate.
  5402 | Bailey   | Found a runed translucent gate.
  5419 | Bailey   | Reached skill level 13 in Axes
  5532 | Bailey   | Identified the +5 trident "Ocaarebb" {elec, rC- rCorr Int+5
                  | Dex+3}
  5543 | Bailey   | Killed an orc warlord
  5568 | Bailey   | Identified the +4 chain mail of the Spheres {Dex+2}
  6155 | D:8      | XOM: cloud trail
  6283 | D:8      | Found an ornate altar of the Wu Jian Council.
  6441 | D:8      | You fall into a shaft and drop 2 floors!
  6441 | D:10     | Entered Level 10 of the Dungeon
  6453 | D:10     | Noticed Urug
  6466 | D:9      | Reached skill level 14 in Axes
  6471 | D:9      | XOM: stat loss: -1 Str (18/19)
  6714 | D:9      | XOM: summons 4 friendly demons
  6774 | D:9      | XOM: give mutations
  6774 | D:9      | Gained mutation: You have hidden genetic defects. [Xom's
                  | mischief]
  6774 | D:9      | Gained mutation: You occasionally lose the ability to read
                  | scrolls when taking damage. [Xom's mischief]
  6774 | D:9      | Gained mutation: You are clumsy. (Dex -2) [Xom's mischief]
  6774 | D:9      | Gained mutation: You are very clumsy. (Dex -4) [Xom's
                  | mischief]
  6775 | D:9      | Lost mutation: You occasionally shout uncontrollably at
                  | your foes. [potion of mutation]
  6775 | D:9      | Lost mutation: You are very clumsy. (Dex -4) [potion of
                  | mutation]
  6775 | D:9      | Lost mutation: You have hidden genetic defects. [potion of
                  | mutation]
  6775 | D:9      | Gained mutation: Your body sometimes deteriorates upon
                  | taking damage. [potion of mutation]
  6775 | D:9      | Gained mutation: You are partially covered in large bone
                  | plates. (SH +4) [potion of mutation]
  6775 | D:9      | Gained mutation: Your movements are slightly less
                  | encumbered by armour. (ER -2) [potion of mutation]
  6775 | D:9      | Gained mutation: You are robust. (+10% HP) [potion of
                  | mutation]
  6814 | D:9      | XOM: 1-stop teleportation journey
  6817 | D:9      | Found a sacrificial altar of Ru.
  7321 | D:9      | Found a glowing golden altar of the Shining One.
  7600 | D:9      | XOM: cast spell 'Alistair's Intoxication'
  7670 | D:10     | Mangled by Urug

Illustrated notes

Levels and vault maps discovered:
D:1:      grunt_arrival_crossed_arrows, layout_loops_cross,
          dreamdust_ecumenical_altar_angels_and_demons, st_stairs_6,
          minmay_indecisive_spiral
D:2:      layout_loops_cross, basic_altar, kennysheep_potato
D:3:      layout_loops_ring, serial_shops, nicolae_shop_window_shopping
D:4:      layout_rooms, minmay_temple_entry_glass, gammafunk_ghost_smash,
          uniq_robin
D:5:      kennysheep_spiral_hall, layout_rooms
D:6:      layout_layer_cave
D:7:      layout_loops_ring, enter_bailey_3, uniq_joseph
D:8:      layout_rooms, nicolae_overflow_crystal_walls, led_sif_pool,
          mainiacjoe_overflow_cross_hatched
D:9:      layout_basic, marbit_many_paths, nicolae_ru_path_of_blood
D:10:     layout_cave_pools, lair_entry_dummy, hellmonk_ghost_big_iron,
          serial_column_ruins, column_ruins_hut, column_ruins_columns_straight,
          column_ruins_grid_1, column_ruins_grid_3, column_ruins_open_small,
          uniq_urug, uniq_erolcha

Skill      XL: |  1  2  3  4  5  6  7  8  9 10 |
---------------+-------------------------------+-----
Axes           | 3 4 5 7 8 10 12 14 | 14.5
Fighting       | 4 |  4.4
Armour         | |  1.5
Dodging        | |  0.7

Action                   |  1- 3 |  4- 6 |  7- 9 | 10-12 || total
-------------------------+-------+-------+-------+-------++-------
Melee: Hand axe          |    83 |    79 |   129 |       ||   291
       Bite              |    21 |    25 |    75 |    52 ||   173
       Dagger            |       |    46 |    21 |       ||    67
       Flail             |       |       |   100 |   152 ||   252
       Trident           |       |       |       |    27 ||    27
 Fire: Sling             |       |       |     9 |    14 ||    23
Throw: Javelin           |       |       |     3 |     4 ||     7
       Dart              |       |       |     4 |       ||     4
       Throwing net      |       |       |     1 |       ||     1
 Cast: Foxfire           |     5 |       |       |       ||     5
Evoke: Wand              |     2 |       |     2 |     6 ||    10
       Piece from Xom's  |     1 |       |       |       ||     1
  Use: Scroll            |     1 |       |     6 |     4 ||    11
       Potion            |       |       |       |     9 ||     9
 Stab: Sleeping          |     1 |       |       |       ||     1
       Petrified         |       |     1 |     4 |       ||     5
       Paralysed         |       |       |     5 |     8 ||    13
       Invisible         |       |       |     1 |       ||     1
       Held in net/web   |       |       |     1 |       ||     1
Armor: Leather armour    |    32 |    66 |   108 |     3 ||   209
       Chain mail        |       |       |       |    63 ||    63
       Skin              |       |       |       |    22 ||    22
Dodge: Dodged            |    32 |    57 |   137 |    64 ||   290
Block: Kite shield       |       |    32 |    86 |    68 ||   186

Table legend: (Time is in decaauts)
 A = Elapsed time spent in this place.
 B = Non-inter-level travel time spent in this place.
 C = Inter-level travel time spent in this place.
 D = Time resting spent in this place.
 E = Time spent auto-exploring this place.
 F = Levels seen in this place.
 G = Mean time per level.
                   A        B        C        D        E       F      G
               +--------+--------+--------+--------+--------+-----+--------+
         Total |   7753 |   7339 |    414 |    323 |   5012 |  11 |  704.8 |
       Dungeon |   7480 |   7066 |    414 |    323 |   5008 |  10 |  748.0 |
        Bailey |    273 |    273 |      0 |      0 |      4 |   1 |  273.0 |
               +--------+--------+--------+--------+--------+-----+--------+

Top non-repeatable levels by time:
     D:9: 1201 daAuts
     D:6: 1134 daAuts
     D:3: 1115 daAuts
     D:1: 1017 daAuts
     D:7: 855 daAuts
     D:5: 748 daAuts
     D:2: 526 daAuts
     D:4: 493 daAuts
     D:8: 348 daAuts
  Bailey: 273 daAuts
    D:10: 40 daAuts
